 Dungeon Crawl Stone Soup version 0.30-a0-782-ge64f9170bb (webtiles) character file.

Game seed: 18316065259500960304

101 HoaS the Shooter (level 4, 0/36 HPs)
             Began as a Demigod Hunter on Feb 26, 2023.
             Slain by Pikel
             ... wielding a +1 whip of flaming
              (5 damage)
             ... on level 4 of the Dungeon.
             The game lasted 00:05:33 (1256 turns).

HoaS the Shooter (Demigod Hunter)                   Turns: 1256, Time: 00:05:33

Health: 0/36       AC:  3    Str: 12    XL:     4   Next: 24%
Magic:  6/6        EV: 12    Int: 11    God:
Gold:   38         SH:  0    Dex: 21    Spells: 3/3 levels left

rFire   . . .      SeeInvis .    a - +0 shortbow
rCold   . . .      Faith    .    (shield currently unavailable)
rNeg    . . .      Spirit   .    c - +0 leather armour
rPois   .          Reflect  .    (no helmet)
rElec   .          Harm     .    (no cloak)
rCorr   .          Rampage  .    (no gloves)
Will    .....                    (no boots)
Stlth   ++                       (no amulet)
HPRegen 0.26/turn                d - ring of flight
MPRegen 0.10/turn                (no ring)

@: flying
A: high MP 1, forlorn, divine attributes
a: no special abilities


You were on level 4 of the Dungeon.
You visited 1 branch of the dungeon, and saw 3 of its levels.

You collected 38 gold pieces.

Inventory:

Hand Weapons
 a - a +0 shortbow (weapon)
Armour
 c - a +0 leather armour (worn)
Jewellery
 d - a ring of flight (left hand)
Scrolls
 b - a scroll of immolation
 e - a scroll of identify
 f - a scroll of teleportation
Potions
 g - a potion of heal wounds {unknown}
 h - 2 potions of invisibility {unknown}
 j - a potion of might


   Skills:
 - Level 1.7 Fighting
 + Level 5.4 Ranged Weapons
 - Level 1.7 Dodging
 - Level 0.8 Stealth


You had 3 spell levels left.
You didn't know any spells.
Your spell library was empty.

Dungeon Overview and Level Annotations

Branches:
Dungeon (2/15)

Annotations:
D:4 Pikel, Sigmund


Innate Abilities, Weirdness & Mutations

You have an increased reservoir of magic. (+10% MP)
You shall have no god before yourself.
Your divine heritage dramatically boosts your attributes as you level up.


Message History

You start resting.
HP restored.
You hear the rusting of a distant drain.
Pikel, Merchant of Souls comes into view.
He is wielding a +1 whip of flaming.
You shoot an arrow. The arrow barely misses Pikel.
Pikel shouts!
Pikel says, "You'll make a fine lemure."
You shoot an arrow. The arrow closely misses Pikel.
You shoot an arrow. The arrow hits Pikel.
Pikel is lightly wounded.
You shoot an arrow. The arrow hits Pikel.
Pikel is lightly wounded.
Pikel barely misses you.
You shoot an arrow.
The arrow hits Pikel but does no damage.
Pikel is lightly wounded.
You hear an angry hiss.
A ball python comes into view.
Pikel hits you with a +1 whip of flaming.
Pikel burns you.
You shoot an arrow. The arrow barely misses Pikel.
The arrow completely misses the lemure.
Pikel hits you with a +1 whip of flaming.
Pikel burns you.
You shoot an arrow. The arrow hits Pikel.
Pikel is lightly wounded.
Pikel hits you with a +1 whip of flaming!
Pikel burns you. Pikel barely misses you.
You shoot an arrow.
The arrow hits Pikel but does no damage.
Pikel is lightly wounded.
Pikel hits you with a +1 whip of flaming.
Pikel burns you.
You shoot an arrow.
The arrow hits Pikel but does no damage.
Pikel is lightly wounded.
Pikel hits you with a +1 whip of flaming!
* * * LOW HITPOINT WARNING * * *
Pikel burns you.
You die...

###....# #.#####.#
#.#
##...######8######.#
#...##8_.._.._8##.#
#....##≈.....≈##..#
#.#..##§≈...≈≈##..#
#.##.K##≈≈.≈≈##..##
#.###..##≈.§##..##
#....#..##'##..##
####..#...S5K@##
##......####
########


You could see Pikel, a lemure and a ball python.

Vanquished Creatures
  2 lemures (D:4)
  A hound (D:4)
  2 adders (D:2)
  2 worms (D:2)
  2 dart slugs (D:2)
  8 ball pythons
  2 endoplasms (D:1)
  2 giant cockroaches
  3 goblins
  10 hobgoblins
  2 kobolds
  A quokka (D:2)
  4 bats
  A frilled lizard (D:2)
  4 rats
46 creatures vanquished.

Notes
Turn   | Place    | Note
-------+----------+-------------------------------------------
     0 | D:1      | HoaS the Demigod Hunter began the quest for the Orb.
     0 | D:1      | Reached XP level 1. HP: 17/17 MP: 3/3
   142 | D:1      | Reached skill level 4 in Ranged Weapons
   187 | D:1      | Reached XP level 2. HP: 22/24 MP: 4/4
   691 | D:2      | Reached XP level 3. HP: 29/29 MP: 5/5
   773 | D:2      | Reached skill level 5 in Ranged Weapons
   917 | D:2      | You fall into a shaft and drop 2 floors!
   940 | D:4      | Noticed Sigmund
   972 | D:4      | Reached XP level 4. HP: 27/36 MP: 6/6
  1031 | D:4      | Noticed a lemure
  1049 | D:4      | Killed a lemure
  1136 | D:4      | Noticed a lemure
  1137 | D:4      | Noticed a lemure
  1159 | D:4      | Killed a lemure
  1235 | D:4      | Noticed Pikel
  1256 | D:4      | Slain by Pikel

Illustrated notes

Levels and vault maps discovered:
D:1:      roderic_octagonal_star, layout_basic,
          chequers_ecumenical_altar_simple_redux, serial_curves, eino_curves_01,
          eino_curves_02
D:2:      layout_loops_ring
D:4:      layout_rooms, gammafunk_temple_overflow_claw, gup_sewer_entry_pipe,
          uniq_pikel, uniq_sigmund

Skill      XL: |  1  2  3 |
---------------+----------+-----
Ranged Weapons | 4 5 |  5.4
Fighting       | |  1.7
Dodging        | |  1.7
Stealth        | |  0.8

Action                     |  1- 3 |  4- 6 || total
---------------------------+-------+-------++-------
   Fire: Shortbow          |   111 |    30 ||   141
    Use: Scroll            |     4 |       ||     4
 Armour: Leather armour    |     4 |       ||     4
  Dodge: Dodged            |    26 |     8 ||    34

Table legend: (Time is in decaauts)
 A = Elapsed time spent in this place.
 B = Non-inter-level travel time spent in this place.
 C = Inter-level travel time spent in this place.
 D = Time resting spent in this place.
 E = Time spent auto-exploring this place.
 F = Levels seen in this place.
 G = Mean time per level.
                   A        B        C        D        E       F      G
               +--------+--------+--------+--------+--------+-----+--------+
         Total |   1297 |   1274 |     23 |    150 |    826 |   3 |  432.3 |
       Dungeon |   1297 |   1274 |     23 |    150 |    826 |   3 |  432.3 |
               +--------+--------+--------+--------+--------+-----+--------+

Top non-repeatable levels by time:
     D:1: 655 daAuts
     D:4: 346 daAuts
     D:2: 295 daAuts
